 Dungeon Crawl Stone Soup version 0.21.1-1-g345015f (webtiles) character file.

1862 diana the Grappler (level 8, -1/80 HPs)
             Began as a Troll Monk on May 25, 2018.
             Killed from afar by an orc wizard (7 damage)
             ... with a magic dart
             ... on level 8 of the Dungeon.
             The game lasted 00:19:52 (5580 turns).

diana the Grappler (Troll Monk)                     Turns: 5580, Time: 00:20:04

Health: -1/80      AC:  5    Str: 20    XL:     8   Next: 89%
Magic:  16/16      EV: 12    Int:  6    God:
Gold:   413        SH:  2    Dex: 14    Spells: 7/7 levels left

rFire    + . .     SeeInvis .     - Unarmed
rCold    + . .     Gourm    +   (no shield)
rNeg     . . .     Faith    .   a - +0 robe
rPois    .         Spirit   .   (helmet restricted)
rElec    .         Reflect  +   c - scarf {rC+ rF+}
rCorr    .         Harm     .   (gloves unavailable)
MR       .....                  (boots unavailable)
Stlth    ++........             t - +2 amulet of reflection
HPRegen  0.63/turn              d - ring of magical power
MPRegen  0.15/turn              (no ring)

@: no status effects
A: large, unfitting armour, claws 3, fast metabolism 3, gourmand, regeneration
1, shaggy fur 1, tough skin 2
a: no special abilities


You were on level 8 of the Dungeon.
You were not hungry.

You visited 2 branches of the dungeon, and saw 9 of its levels.

You collected 413 gold pieces.

Inventory:

Armour
 a - a +0 robe (worn)
 c - a scarf of resistance (worn)
Jewellery
 d - a ring of magical power (left claw)
 t - a +2 amulet of reflection (around neck)
 y - an uncursed amulet of regeneration
Wands
 q - a wand of random effects (20)
Scrolls
 e - 2 scrolls of random uselessness {unknown}
 f - a scroll of teleportation {unknown}
 g - 4 scrolls of amnesia {unknown}
 h - a scroll of fog {unknown}
 i - 2 scrolls of remove curse {unknown}
 k - 5 scrolls of identify {unknown}
 m - 3 scrolls of magic mapping {unknown}
 n - a scroll of enchant armour {unknown}
 o - a scroll of blinking {unknown}
 p - a scroll of fear {unknown}
 r - a scroll of enchant weapon {unknown}
 x - a scroll of noise {unknown}
Potions
 j - a potion of flight
 l - 3 potions of curing
 s - 3 potions of lignification {unknown}
 u - a potion of berserk rage {unknown}
 v - a potion of degeneration {unknown}
 w - a potion of mutation {unknown}
 z - 2 potions of cancellation
 A - a potion of brilliance {unknown}
Comestibles
 b - 7 rations


   Skills:
 + Level 5.3 Fighting
 + Level 5.3 Dodging
 - Level 1.3 Stealth
 * Level 8.7 Unarmed Combat


You had 7 spell levels left.
You didn't know any spells.

Dungeon Overview and Level Annotations

Branches:
Dungeon (8/15)             Temple (1/1) D:5
   Lair: D:8-11

Altars:
Ashenzari
Cheibriados
Dithmenos
Elyvilon
Fedhas
Gozag
Hepliaklqana
Kikubaaqudgha
Makhleb
Nemelex Xobeh
Okawaru
Qazlal
Ru
Sif Muna
Trog
Uskayaw
Vehumet
Wu Jian
Xom
Yredelemnul
The Shining One

Shops:
D:7 (


Innate Abilities, Weirdness & Mutations

You are too large for most types of armour.
You have claws for hands.
Your metabolism is lightning-fast.
You like to eat raw meat.
Your natural rate of healing is unusually fast.
You are covered in fur. (AC +1)
You have very tough skin. (AC +2)


Message History

The magic dart hits you!
* * * LOW HITPOINT WARNING * * *
You closely miss the orc wizard.
The orc wizard is severely wounded.
You barely miss the orc wizard.
The orc wizard is severely wounded.
The orc wizard hits you with a dagger.
* * * LOW HITPOINT WARNING * * *
You feel better. The orc wizard casts a spell at you. The magic dart hits you!
* * * LOW HITPOINT WARNING * * *
You barely miss the orc wizard.
The orc wizard is severely wounded.
The orc priest mumbles some strange prayers to Beogh against you.
Beogh smites you!
* * * LOW HITPOINT WARNING * * *
The orc wizard casts a spell at you. The magic dart hits you!
You die...

#. #..o #.....
#### ##.......
#.)####.........
###@##...........
##o.............
#..............
##..o...........
#........y......
####............
##...........
#............
##.............#


You could see an orc priest and an orc wizard.

Vanquished Creatures
  Eustachio (D:5)
  Menkaure (D:5)
  A hungry ghost (D:8)
  The ghost of Tiareth the Charmwright, an amateur DESk (D:3)
  A sky beast (D:6)
  2 phantoms (D:5)
  2 centaurs
  A big kobold (D:7)
  2 bullfrogs
  A scorpion (D:5)
  4 killer bees (D:8)
  2 hounds
  Crazy Yiuf (D:5)
  A crimson imp (D:5)
  2 centaur skeletons
  A bullfrog zombie (D:7)
  A gnoll shaman (D:5)
  An orc wizard (D:6)
  Ijyb (D:4)
  A worker ant (D:5)
  A hound skeleton (D:4)
  A worker ant zombie (D:8)
  4 gnolls (D:5)
  7 adders
  4 oozes
  3 adder skeletons
  2 worms
  4 leopard geckos
  6 orcs
  A ball python (D:3)
  3 bats
  2 giant cockroaches (D:5)
  6 goblins
  3 hobgoblins
  5 jackals
  12 kobolds
  4 quokkas
  A frilled lizard (D:5)
  A jackal skeleton (D:5)
  A leopard gecko skeleton (D:4)
  2 rats
101 creatures vanquished.

Notes
Turn   | Place    | Note
-------+----------+-------------------------------------------
     0 | D:1      | diana the Troll Monk began the quest for the Orb.
     0 | D:1      | Reached XP level 1. HP: 22/22 MP: 0/0
    78 | D:1      | Reached XP level 2. HP: 29/29 MP: 1/1
   421 | D:2      | Found a shadowy altar of Dithmenos.
   675 | D:2      | Found a glowing golden altar of the Shining One.
   733 | D:2      | Reached XP level 3. HP: 26/36 MP: 2/2
  1075 | D:3      | Noticed Tiareth's ghost (amateur DESk)
  1224 | D:4      | Reached XP level 4. HP: 41/44 MP: 3/3
  1371 | D:4      | Reached skill level 4 in Unarmed Combat
  1462 | D:4      | Reached XP level 5. HP: 52/53 MP: 4/4
  1491 | D:4      | Noticed Ijyb
  1506 | D:4      | Killed Ijyb
  1953 | D:5      | Entered Level 5 of the Dungeon
  2016 | D:5      | Found a staircase to the Ecumenical Temple.
  2025 | Temple   | Entered the Ecumenical Temple
  2147 | D:5      | Noticed a centaur
  2155 | D:5      | Killed a centaur
  2155 | D:5      | Reached skill level 5 in Unarmed Combat
  2155 | D:5      | Reached XP level 6. HP: 48/61 MP: 5/5
  2311 | D:5      | Noticed Menkaure
  2412 | D:6      | Noticed a sky beast
  2748 | D:7      | Noticed a sky beast
  2859 | D:6      | Killed a sky beast
  2859 | D:6      | Reached skill level 6 in Unarmed Combat
  2859 | D:6      | Reached XP level 7. HP: 43/68 MP: 6/6
  2862 | D:6      | Found a stormy altar of Qazlal.
  2917 | D:7      | Found Umafac's Antique Weapon Shoppe.
  3616 | D:6      | Found a sparkling altar of Nemelex Xobeh.
  3937 | D:5      | Noticed Eustachio
  3951 | D:5      | Killed Eustachio
  3951 | D:5      | Reached skill level 7 in Unarmed Combat
  3977 | D:5      | Reached XP level 8. HP: 79/79 MP: 7/7
  4002 | D:5      | Killed Menkaure
  4116 | D:5      | Found a runed door.
  4606 | D:5      | Noticed Crazy Yiuf
  4613 | D:5      | Killed Crazy Yiuf
  5067 | D:3      | Killed Tiareth's ghost
  5067 | D:3      | Reached skill level 5 in Dodging
  5067 | D:3      | Reached skill level 8 in Unarmed Combat
  5176 | D:3      | Reached skill level 5 in Fighting
  5407 | D:8      | Found an iron altar of Okawaru.
  5580 | D:8      | Killed from afar by an orc wizard

Skill      XL: |  1  2  3  4  5  6  7  8 |
---------------+-------------------------+-----
Fighting       | 3 4 5 |  5.3
Dodging        | 3 4 5 |  5.3
Unarmed Combat | 4 5 6 7 8 |  8.7
Stealth        | |  1.3

Action                   |  1- 3 |  4- 6 |  7- 9 || total
-------------------------+-------+-------+-------++-------
Melee: Unarmed           |    81 |   131 |   142 ||   354
       Punch             |     1 |     4 |     4 ||     9
  Use: Potion            |       |     4 |     2 ||     6
 Stab: Sleeping          |     3 |     2 |     1 ||     6
  Eat: Chunk             |     7 |    13 |    26 ||    46
       Ration            |       |     1 |     1 ||     2
Armor: Robe              |    31 |    36 |    21 ||    88
Dodge: Dodged            |    43 |    53 |    67 ||   163
Block: Other             |       |     2 |     8 ||    10
